 Dungeon Crawl Stone Soup version 0.30-a0-145-g03d90e2e6d (webtiles) character file.

Game seed: 8548178855889505264

34934 qw the Cleaver (level 13, -3/84 HPs)
             Began as a Gargoyle Fighter on Sept 26, 2022.
             Was a High Priest of Okawaru.
             Killed from afar by an oklob plant (12 damage)
             ... with a splash of acid
             ... on level 4 of the Lair of Beasts.
             The game lasted 00:05:39 (15539 turns).

qw the Cleaver (Gargoyle Fighter)                  Turns: 15539, Time: 00:05:40

Health: -3/84      AC: 22    Str: 30    XL:     13   Next: 80%
Magic:  15/20      EV: 10    Int: 10    God:    Okawaru [*****.]
Gold:   918        SH:  6    Dex:  9    Spells: 12/12 levels left

rFire   . . .      SeeInvis .    Y - +2 war axe (chaos)
rCold   + . .      Faith    .    c - +0 buckler
rNeg    + . .      Spirit   .    k - +1 plate armour "Uwnu Mue" {rC+}
rPois   inf        Reflect  .    (no helmet)
rElec   +          Harm     .    (no cloak)
rCorr   .          Rampage  .    l - +0 pair of gloves
Will    +....                    r - +0 pair of boots
Stlth   ..........               (no amulet)
HPRegen 0.24/turn                f - ring of willpower
MPRegen 0.17/turn                j - +6 ring of strength

@: heroic, finesse-ful, corroded
A: sickness immunity, AC +9, negative energy resistance 1, electricity
resistance, torment resistance 1, petrification resistance
a: Renounce Religion, Heroism, Finesse, Duel


You were on level 4 of the Lair of Beasts.
You worshipped Okawaru.
Okawaru was extremely pleased with you.
You visited 2 branches of the dungeon, and saw 13 of its levels.
You also visited: Ossuary.

You collected 918 gold pieces.


Innate Abilities, Weirdness & Mutations

You are immune to sickness and miasma.
Your stone body is resilient. (AC +9)
You are immune to poison.
You resist negative energy. (rN+)
You are resistant to electric shocks. (rElec)
You are resistant to unholy torment.
You are immune to petrification.


   Skills:
 - Level 11.0(16.0) Fighting
 - Level 14.0(19.0) Axes
 + Level 5.1(10.1) Throwing
 - Level 10.0(15.0) Armour
 - Level 2.1(7.1) Dodging
 - Level 7.1(12.1) Shields
 - Level 10.1 Invocations


You had 12 spell levels left.
You didn't know any spells.
Your spell library was empty.

Inventory:

Hand Weapons
 o - a +0 flail
 Y - a +2 war axe of chaos (weapon)
Missiles
 h - 3 boomerangs
 t - a javelin
 u - 5 silver javelins (quivered)
Armour
 b - the +2 pair of gloves of Inviolability {Str+4 Dex+6}
   (Okawaru gifted it to you on level 4 of the Lair of Beasts)

   Str:       It affects your strength (+4).
   Dex:       It affects your dexterity (+6).
 c - a +0 buckler (worn)
 g - a +1 chain mail of fire resistance
 k - the +1 plate armour "Uwnu Mue" (worn) {rC+}
   (You found it on level 2 of the Dungeon)

   rC:        It protects you from cold.
 l - a +0 pair of gloves (worn)
 q - the +3 hat of Pondering {ponderous, Will+ MP+10 Int+5}
   (You took it off Gastronok on level 1 of the Lair of Beasts)

   Int:       It affects your intelligence (+5).
   MP:        It affects your magic capacity (+10).
   Will:      It increases your willpower.
 r - a +0 pair of boots (worn)
 w - a +2 plate armour of poison resistance
Jewellery
 f - a ring of willpower (left hand)
 j - a +6 ring of strength (right hand)
 s - a ring of resist corrosion
Scrolls
 e - 7 scrolls of identify
 v - a scroll of immolation {unknown}
Potions
 a - 7 potions of lignification
 d - 7 potions of might
 i - 3 potions of attraction
 m - 2 potions of mutation
 n - 5 potions of haste
 p - 6 potions of curing

Dungeon Overview and Level Annotations

Branches:
Dungeon (9/15)             Temple (0/1) D:7            Lair (4/5) D:9
 Shoals (0/4) Lair:2       Spider (0/4) Lair:2        Slime (0/5) Lair:4
Ossuary (visited)
    Orc: D:9-12

Altars:
Dithmenos
Kikubaaqudgha
Okawaru
Ru
Vehumet
Zin
Jiyva

Shops:
D:6 (

Annotations:
Lair:1 2 transporters


Message History

Press < or > to pray at altars.
You slash the oklob plant!
The oklob plant is almost destroyed.
Press < or > to pray at altars.
Press < or > to pray at altars.
Press < or > to pray at altars.
Press < or > to pray at altars.
You slice the oklob plant!!
You feel better.
You destroy the oklob plant!
Okawaru accepts your kill.
Press < or > to pray at altars.
Press < or > to pray at altars.
Press < or > to pray at altars.
Press < or > to pray at altars.
You hit the oklob plant but do no damage. x2
You hit the oklob plant but do no damage. x2
You slice the oklob plant!!
The oklob plant is heavily damaged.
You slash the oklob plant!
The oklob plant easily resists.
You completely miss the oklob plant.
The oklob plant is heavily damaged.
You hit the oklob plant.
Space warps horribly around the oklob plant!
You slash the oklob plant!
The oklob plant is severely damaged.
You hit the oklob plant. You burn the oklob plant.
The oklob plant spits acid at you. The splash of acid hits you!
You slash the oklob plant!
You destroy the oklob plant!
Okawaru accepts your kill.
You hit the oklob plant but do no damage.
Your base Armour skill increases to level 10!
You hit the oklob plant but do no damage.
The oklob plant is severely damaged.
You hit the oklob plant but do no damage.
The oklob plant is severely damaged.
The oklob plant spits acid at you. The splash of acid hits you.
The oklob plant spits acid at you. The splash of acid hits you!
You die...

###.###.....P###.^##
##### #....##...#.##
#..P####...#
##.##....##.#
##..........
##......#####
#.##....###
##......#####
##.####### #
##.....#####.### #...#
# #......#
##....####..# #
##.....####...>..###.##
# #....####..._@..#
#..## #
#.....#.......PP# ###.#
# ##...........#### ###
##.......###.#
######### ##


You could see 2 oklob plants.

Vanquished Creatures
  Gastronok (Lair:1)
  A hydra (Lair:3)
  An ice dragon (Lair:3)
  2 catoblepae
  3 death yaks (Lair:3)
  Nergalle (Lair:1)
  Urug (Lair:3)
  2 oklob plants (Lair:4)
  2 black mambas
  A molten gargoyle (Lair:1)
  13 elephants
  10 cane toads
  A kobold demonologist (D:8)
  7 komodo dragons
  4 polar bears
  12 blink frogs
  A slime creature (D:7)
  5 dream sheep (Lair:4)
  Prince Ribbit (D:6)
  2 jumping spiders (Lair:2)
  A shadow (D:9)
  2 culicivoras (Lair:2)
  4 basilisks
  35 yaks
  A wyvern (Lair:3)
  3 redbacks (Lair:2)
  9 water moccasins
  An ice beast (D:5)
  4 black bears
  3 ogres
  3 centaurs
  12 wolves
  3 phantoms
  4 elf zombies (Ossuary)
  A kobold brigand (D:9)
  11 bullfrogs
  A necrophage (D:6)
  2 gnoll sergeants
  4 scorpions
  8 wights
  5 killer bees (D:9)
  2 vampire bats (D:4)
  An electric eel (Lair:1)
  A howler monkey (D:4)
  4 centaur zombies (Ossuary)
  4 human zombies (Ossuary)
  2 hounds
  3 jellies
  2 orc priests (D:7)
  2 iguanas
  8 orc wizards
  4 hell rats (Lair:3)
  3 mummies (Ossuary)
  8 adders
  7 gnolls
  2 shadow imps
  A white imp (D:8)
  An ufetubus (D:4)
  2 worms
  5 dart slugs
  28 orcs
  9 ball pythons
  2 bat skeletons (D:4)
  4 bat zombies (D:4)
  9 endoplasms
  2 giant cockroaches (D:3)
  9 goblins
  11 hobgoblins
  6 jackals
  A quokka (D:5)
  3 bats
  14 kobolds
  8 rats
356 creatures vanquished.

Vanquished Creatures (others)
  A demonic plant (D:1)
  17 fungi
  31 plants
49 creatures vanquished.

Grand Total: 405 creatures vanquished

Notes
Turn   | Place    | Note
-------+----------+-------------------------------------------
     0 | D:1      | qw the Gargoyle Fighter began the quest for the Orb.
     0 | D:1      | Reached XP level 1. HP: 14/14 MP: 1/1
     0 | D:1      | 0 ||| qw: Version: 0.2-a-10-g399e6c4
     0 | D:1      | 0 ||| qw: Game counter: 513
     0 | D:1      | 0 ||| qw: Always use a shield: true
     0 | D:1      | 0 ||| qw: God list: Okawaru
     0 | D:1      | 0 ||| qw: Allow faded altars: false
     0 | D:1      | 0 ||| qw: Do Orc after D:15 true
     0 | D:1      | 0 ||| qw: Do second Lair branch before Depths: true
     0 | D:1      | 0 ||| qw: Lair rune preference: random
     0 | D:1      | 0 ||| qw: Plans: Normal, Zot:1-4, God:TSO, Crypt, Tomb,
                  | Pan, Slime:5, Hells, Abyss, Orb
     0 | D:1      | 0 ||| PLANNING D:1-11
    71 | D:1      | Reached skill level 2 in Axes
   237 | D:1      | Found a faded altar of an unknown god.
   286 | D:1      | Reached XP level 2. HP: 18/19 MP: 2/2
   463 | D:1      | 463 ||| Stepping ~*~*~tactically~*~*~ (stealth).
   477 | D:1      | 477 ||| Stepping ~*~*~tactically~*~*~ (stealth).
   478 | D:1      | 478 ||| Stepping ~*~*~tactically~*~*~ (stealth).
   552 | D:1      | 552 ||| Stepping ~*~*~tactically~*~*~ (stealth).
   585 | D:1      | Reached skill level 3 in Axes
   623 | D:1      | 623 ||| Stepping ~*~*~tactically~*~*~ (stealth).
   625 | D:1      | 625 ||| Stepping ~*~*~tactically~*~*~ (stealth).
   627 | D:1      | Reached XP level 3. HP: 23/23 MP: 3/3
   697 | D:1      | 697 ||| Stepping ~*~*~tactically~*~*~ (hiding).
   813 | D:1      | 813 ||| UPGRADING to ring of willpower.
   814 | D:1      | 814 ||| READING scroll labelled GAM BIAZEUSOPN.
   815 | D:1      | 815 ||| READING 2 scrolls labelled BOGRUSTRYVA.
   816 | D:1      | 816 ||| DRINKING 2 blue potions.
   817 | D:1      | 817 ||| DROPPING scroll of vulnerability.
   851 | D:2      | 851 ||| Stepping ~*~*~tactically~*~*~ (stealth).
   855 | D:2      | 855 ||| Stepping ~*~*~tactically~*~*~ (stealth).
  1127 | D:2      | 1127 ||| Stepping ~*~*~tactically~*~*~ (hiding).
  1186 | D:2      | 1186 ||| Stepping ~*~*~tactically~*~*~ (hiding).
  1313 | D:2      | Identified the +1 plate armour "Uwnu Mue" {rC+}
  1803 | D:2      | 1803 ||| UPGRADING to +1 plate armour "Uwnu Mue" {rC+}.
  1813 | D:2      | 1813 ||| DROPPING +0 scale mail.
  1814 | D:2      | 1814 ||| UPGRADING to +0 pair of gloves.
  1819 | D:2      | 1819 ||| READING scroll labelled KOESTR KOSIHIOQ.
  1820 | D:2      | 1820 ||| READING 2 scrolls labelled ARURICYOPT.
  1821 | D:2      | 1821 ||| READING scroll labelled OWOBRE JOYQI.
  1902 | D:3      | Reached XP level 4. HP: 27/28 MP: 4/4
  2004 | D:3      | Reached skill level 4 in Axes
  2386 | D:3      | Reached XP level 5. HP: 32/32 MP: 5/5
  2690 | D:3      | 2690 ||| UPGRADING to amulet of guardian spirit.
  2711 | D:4      | 2711 ||| STAIRDANCE
  2828 | D:4      | Noticed an ogre
  2835 | D:4      | HP: 8/32 [ogre/+0 giant club (13)]
  2838 | D:4      | Killed an ogre
  2839 | D:4      | Reached skill level 5 in Axes
  2839 | D:4      | Reached XP level 6. HP: 10/37 MP: 1/6
  3066 | D:4      | 3066 ||| DROPPING +0 whip.
  3114 | D:4      | 3114 ||| Stepping ~*~*~tactically~*~*~ (stealth).
  3266 | D:4      | 3266 ||| Stepping ~*~*~tactically~*~*~ (stealth).
  3293 | D:4      | 3293 ||| Stepping ~*~*~tactically~*~*~ (stealth).
  3294 | D:4      | 3294 ||| Stepping ~*~*~tactically~*~*~ (stealth).
  3295 | D:4      | Found an ancient bone altar of Kikubaaqudgha.
  3325 | D:4      | Reached skill level 6 in Axes
  3325 | D:4      | Reached XP level 7. HP: 38/44 MP: 4/7
  3569 | D:4      | 3569 ||| Stepping ~*~*~tactically~*~*~ (stealth).
  3659 | D:4      | 3659 ||| READING scroll labelled TUZEOS MUQAR.
  3664 | D:4      | 3664 ||| READING scroll labelled DAERO SOEPH.
  3665 | D:4      | 3665 ||| DRINKING 2 lumpy cyan potions.
  3702 | D:5      | Entered Level 5 of the Dungeon
  3743 | D:5      | 3743 ||| Stepping ~*~*~tactically~*~*~ (stealth).
  3751 | D:5      | 3751 ||| Stepping ~*~*~tactically~*~*~ (stealth).
  3855 | D:5      | 3855 ||| FLEEEEING.
  3857 | D:5      | 3857 ||| FLEEEEING.
  3858 | D:5      | 3858 ||| FLEEEEING.
  3859 | D:5      | 3859 ||| FLEEEEING.
  3860 | D:5      | 3860 ||| FLEEEEING.
  3861 | D:5      | 3861 ||| FLEEEEING.
  3862 | D:5      | 3862 ||| FLEEEEING.
  3863 | D:5      | 3863 ||| FLEEEEING.
  3864 | D:5      | 3864 ||| FLEEEEING.
  3865 | D:5      | 3865 ||| FLEEEEING.
  3867 | D:5      | 3867 ||| STAIRDANCE
  3967 | D:4      | 3967 ||| READING 4 scrolls of identify.
  3967 | D:4      | 3967 ||| IDENTIFYING glowing pink potion
  3968 | D:4      | 3968 ||| READING 3 scrolls of identify.
  3968 | D:4      | 3968 ||| IDENTIFYING ruby potion
  3969 | D:4      | 3969 ||| READING 2 scrolls of identify.
  3969 | D:4      | 3969 ||| IDENTIFYING bubbling purple potion
  3970 | D:4      | 3970 ||| DROPPING potion of brilliance.
  3984 | D:5      | Reached skill level 7 in Axes
  4195 | D:5      | Reached XP level 8. HP: 42/50 MP: 6/8
  4273 | D:5      | Reached skill level 1 in Dodging
  4559 | D:5      | 4559 ||| Stepping ~*~*~tactically~*~*~ (hiding).
  4842 | D:5      | Reached skill level 8 in Axes
  5013 | D:5      | 5013 ||| READING scroll labelled YNNUAH KESI.
  5014 | D:5      | 5014 ||| READING scroll labelled FUXKAMUD MAUNA.
  5015 | D:5      | 5015 ||| DRINKING 2 green potions.
  5041 | D:6      | 5041 ||| Stepping ~*~*~tactically~*~*~ (hiding).
  5120 | D:6      | 5120 ||| Stepping ~*~*~tactically~*~*~ (hiding).
  5127 | D:6      | Reached skill level 6 in Fighting
  5264 | D:6      | 5264 ||| Stepping ~*~*~tactically~*~*~ (stealth).
  5283 | D:6      | Reached XP level 9. HP: 55/55 MP: 9/9
  5283 | D:6      | Noticed Prince Ribbit
  5297 | D:6      | Killed Prince Ribbit
  5298 | D:6      | Reached skill level 9 in Axes
  5458 | D:6      | Found Foukuhej's Weapon Boutique.
  5469 | D:6      | Found a shadowy altar of Dithmenos.
  5807 | D:6      | 5807 ||| READING scroll of enchant weapon.
  5807 | D:6      | 5807 ||| ENCHANTING +1 war axe of draining.
  6212 | D:7      | 6212 ||| Stepping ~*~*~tactically~*~*~ (hiding).
  6285 | D:7      | Reached skill level 6 in Armour
  6499 | D:7      | 6499 ||| Stepping ~*~*~tactically~*~*~ (stealth).
  6501 | D:7      | 6501 ||| Stepping ~*~*~tactically~*~*~ (stealth).
  6505 | D:7      | 6505 ||| Stepping ~*~*~tactically~*~*~ (stealth).
  6508 | D:7      | 6508 ||| Stepping ~*~*~tactically~*~*~ (stealth).
  6509 | D:7      | 6509 ||| Stepping ~*~*~tactically~*~*~ (stealth).
  6510 | D:7      | 6510 ||| Stepping ~*~*~tactically~*~*~ (stealth).
  6511 | D:7      | 6511 ||| Stepping ~*~*~tactically~*~*~ (stealth).
  6567 | D:7      | Reached skill level 1 in Throwing
  6657 | D:7      | 6657 ||| FLEEEEING.
  6658 | D:7      | 6658 ||| FLEEEEING.
  6659 | D:7      | 6659 ||| FLEEEEING.
  6660 | D:7      | 6660 ||| FLEEEEING.
  6661 | D:7      | 6661 ||| FLEEEEING.
  6662 | D:7      | 6662 ||| FLEEEEING.
  6663 | D:7      | 6663 ||| FLEEEEING.
  6664 | D:7      | 6664 ||| FLEEEEING.
  6665 | D:7      | 6665 ||| FLEEEEING.
  6666 | D:7      | 6666 ||| FLEEEEING.
  6667 | D:7      | 6667 ||| FLEEEEING.
  6668 | D:7      | 6668 ||| FLEEEEING.
  6669 | D:7      | 6669 ||| STAIRDANCE
  6721 | D:6      | 6721 ||| READING scroll labelled YCIUMU KURA.
  6783 | D:7      | HP: 12/57 [wight/+6 dire flail (10)]
  6784 | D:7      | 6784 ||| DRINKING potion of heal wounds.
  7092 | D:7      | Found a staircase to the Ecumenical Temple.
  7196 | D:7      | 7196 ||| UPGRADING to +6 ring of strength.
  7207 | D:8      | 7207 ||| PLANNING OSSUARY
  7267 | D:8      | 7267 ||| Stepping ~*~*~tactically~*~*~ (stealth).
  7346 | D:8      | Reached skill level 10 in Axes
  7355 | D:8      | Found a sand-covered staircase.
  7355 | D:8      | Noticed a kobold demonologist
  7364 | D:8      | Killed a kobold demonologist
  7365 | D:8      | Reached XP level 10. HP: 62/64 MP: 10/10
  7372 | D:8      | 7372 ||| READING 6 scrolls of identify.
  7372 | D:8      | 7372 ||| IDENTIFYING puce potion
  7373 | D:8      | 7373 ||| READING 5 scrolls of identify.
  7373 | D:8      | 7373 ||| IDENTIFYING black potion
  7374 | D:8      | 7374 ||| Stepping ~*~*~tactically~*~*~ (stealth).
  7375 | D:8      | 7375 ||| DROPPING potion of ambrosia.
  7384 | Ossuary  | Entered an ossuary
  7392 | Ossuary  | 7392 ||| Stepping ~*~*~tactically~*~*~ (stealth).
  7394 | Ossuary  | 7394 ||| Stepping ~*~*~tactically~*~*~ (stealth).
  7396 | Ossuary  | 7396 ||| Stepping ~*~*~tactically~*~*~ (stealth).
  7686 | Ossuary  | 7686 ||| READING scroll of brand weapon.
  7686 | Ossuary  | 7686 ||| BRANDING +2 war axe of draining.
  7714 | D:8      | 7714 ||| PLANNING D:1-11
  7735 | D:8      | Found a glowing silver altar of Zin.
  7759 | D:8      | 7759 ||| Stepping ~*~*~tactically~*~*~ (hiding).
  8074 | D:8      | 8074 ||| Stepping ~*~*~tactically~*~*~ (hiding).
  8092 | D:8      | 8092 ||| Stepping ~*~*~tactically~*~*~ (stealth).
  8105 | D:8      | 8105 ||| Stepping ~*~*~tactically~*~*~ (stealth).
  8297 | D:8      | Found a sacrificial altar of Ru.
  8297 | D:8      | Found an iron altar of Okawaru.
  8298 | D:8      | 8298 ||| PLANNING OKAWARU WORSHIP
  8298 | D:8      | 8298 ||| UPGRADING to +0 pair of boots.
  8303 | D:8      | 8303 ||| DROPPING orb of guile.
  8304 | D:8      | 8304 ||| READING 7 scrolls of identify.
  8304 | D:8      | 8304 ||| IDENTIFYING murky yellow potion
  8305 | D:8      | 8305 ||| DROPPING potion of magic.
  8309 | D:8      | Became a worshipper of Warmaster Okawaru
  8310 | D:8      | 8310 ||| PLANNING D:1-11
  8310 | D:8      | 8310 ||| REMOVING amulet of guardian spirit.
  8329 | D:8      | 8329 ||| DROPPING amulet of guardian spirit.
  8720 | D:9      | 8720 ||| Stepping ~*~*~tactically~*~*~ (hiding).
  8955 | D:9      | Found a staircase to the Lair.
  9098 | D:9      | Reached skill level 11 in Axes
  9114 | D:9      | 9114 ||| PLANNING LAIR
  9114 | D:9      | 9114 ||| DROPPING ring of wizardry.
  9115 | D:9      | 9115 ||| READING scroll labelled WINLAH HAOFICK.
  9135 | Lair:1   | Entered Level 1 of the Lair of Beasts
  9143 | Lair:1   | Reached * piety under Okawaru
  9144 | Lair:1   | 9144 ||| INVOKING Heroism.
  9153 | Lair:1   | 9153 ||| Stepping ~*~*~tactically~*~*~ (stealth).
  9154 | Lair:1   | 9154 ||| Stepping ~*~*~tactically~*~*~ (stealth).
  9156 | Lair:1   | 9156 ||| INVOKING Heroism.
  9163 | Lair:1   | Reached skill level 1 in Invocations
  9167 | Lair:1   | 9167 ||| INVOKING Heroism.
  9224 | Lair:1   | 9224 ||| INVOKING Heroism.
  9229 | Lair:1   | 9229 ||| Stepping ~*~*~tactically~*~*~ (stealth).
  9238 | Lair:1   | Reached skill level 9 in Fighting
  9238 | Lair:1   | Reached skill level 3 in Invocations
  9239 | Lair:1   | Reached XP level 11. HP: 71/71 MP: 10/13
  9243 | Lair:1   | 9243 ||| INVOKING Heroism.
  9244 | Lair:1   | Reached ** piety under Okawaru
  9267 | Lair:1   | 9267 ||| INVOKING Heroism.
  9420 | Lair:1   | Found a transporter.
  9435 | Lair:1   | 9435 ||| INVOKING Heroism.
  9594 | Lair:1   | Noticed Nergalle
  9595 | Lair:1   | 9595 ||| INVOKING Heroism.
  9611 | Lair:1   | Killed Nergalle
  9611 | Lair:1   | Reached *** piety under Okawaru
  9775 | Lair:1   | 9775 ||| READING scroll of brand weapon.
  9775 | Lair:1   | 9775 ||| BRANDING +2 war axe of venom.
  9889 | Lair:1   | Found a transporter.
  9889 | Lair:1   | Noticed a boulder beetle
  9889 | Lair:1   | Noticed a boulder beetle
  9999 | Lair:1   | 9999 ||| INVOKING Heroism.
 10002 | Lair:1   | Reached skill level 12 in Axes
 10025 | Lair:1   | Identified the +1 robe of Xafi {Slay+3}
 10064 | Lair:1   | 10064 ||| INVOKING Heroism.
 10073 | Lair:1   | 10073 ||| Stepping ~*~*~tactically~*~*~ (stealth).
 10139 | Lair:1   | Noticed Gastronok
 10140 | Lair:1   | 10140 ||| Stepping ~*~*~tactically~*~*~ (hiding).
 10149 | Lair:1   | 10149 ||| INVOKING Heroism.
 10163 | Lair:1   | Killed Gastronok
 10163 | Lair:1   | Reached **** piety under Okawaru
 10472 | Lair:1   | 10472 ||| READING 8 scrolls of identify.
 10472 | Lair:1   | 10472 ||| IDENTIFYING smoky silvery potion
 10473 | Lair:1   | 10473 ||| DROPPING potion of flight.
 10499 | Lair:2   | 10499 ||| INVOKING Heroism.
 10537 | Lair:2   | 10537 ||| INVOKING Heroism.
 10779 | Lair:2   | Found a hole to the Spider Nest.
 10780 | Lair:2   | 10780 ||| INVOKING Heroism.
 10784 | Lair:2   | Reached XP level 12. HP: 70/77 MP: 13/16
 10789 | Lair:2   | Reached skill level 6 in Invocations
 10810 | Lair:2   | Reached ***** piety under Okawaru
 10898 | Lair:2   | Noticed a catoblepas
 10902 | Lair:2   | 10902 ||| Stepping ~*~*~tactically~*~*~ (hiding).
 10903 | Lair:2   | 10903 ||| INVOKING Heroism.
 10904 | Lair:2   | 10904 ||| INVOKING Finesse.
 10913 | Lair:2   | Killed a catoblepas
 10917 | Lair:2   | 10917 ||| Stepping ~*~*~tactically~*~*~ (stealth).
 10923 | Lair:2   | 10923 ||| Stepping ~*~*~tactically~*~*~ (stealth).
 10925 | Lair:2   | 10925 ||| Stepping ~*~*~tactically~*~*~ (stealth).
 10928 | Lair:2   | 10928 ||| Stepping ~*~*~tactically~*~*~ (stealth).
 10931 | Lair:2   | 10931 ||| Stepping ~*~*~tactically~*~*~ (stealth).
 10937 | Lair:2   | 10937 ||| INVOKING Heroism.
 10952 | Lair:2   | HP: 19/77 [elephant (9)]
 10953 | Lair:2   | 10953 ||| READING scroll of teleportation.
 10958 | Lair:2   | HP: 12/77 [elephant (8)]
 11194 | Lair:2   | 11194 ||| FLEEEEING.
 11361 | Lair:2   | 11361 ||| INVOKING Heroism.
 11366 | Lair:2   | Received a gift from Okawaru
 11427 | Lair:2   | 11427 ||| INVOKING Heroism.
 11444 | Lair:2   | Found a staircase to the Shoals.
 11740 | Lair:2   | Reached skill level 13 in Axes
 11758 | Lair:2   | 11758 ||| Stepping ~*~*~tactically~*~*~ (stealth).
 11766 | Lair:2   | 11766 ||| INVOKING Heroism.
 11975 | Lair:2   | 11975 ||| INVOKING Heroism.
 11977 | Lair:2   | Reached skill level 9 in Invocations
 12269 | Lair:2   | 12269 ||| READING 8 scrolls of identify.
 12269 | Lair:2   | 12269 ||| IDENTIFYING dark potion
 12270 | Lair:2   | 12270 ||| DROPPING potion of degeneration.
 12317 | Lair:3   | 12317 ||| INVOKING Heroism.
 12407 | Lair:3   | Noticed a death yak
 12407 | Lair:3   | Noticed a death yak
 12408 | Lair:3   | 12408 ||| INVOKING Heroism.
 12409 | Lair:3   | 12409 ||| INVOKING Finesse.
 12409 | Lair:3   | Noticed a death yak
 12421 | Lair:3   | Killed a death yak
 12430 | Lair:3   | Killed a death yak
 12434 | Lair:3   | Killed a death yak
 12575 | Lair:3   | Reached skill level 9 in Armour
 12710 | Lair:3   | 12710 ||| INVOKING Heroism.
 12714 | Lair:3   | Noticed Urug
 12715 | Lair:3   | 12715 ||| INVOKING Finesse.
 12719 | Lair:3   | Received a gift from Okawaru
 12745 | Lair:3   | Killed Urug
 12746 | Lair:3   | Reached XP level 13. HP: 53/82 MP: 14/20
 12889 | Lair:3   | 12889 ||| INVOKING Heroism.
 12962 | Lair:3   | 12962 ||| INVOKING Heroism.
 12966 | Lair:3   | Reached skill level 3 in Throwing
 13033 | Lair:3   | 13033 ||| INVOKING Heroism.
 13153 | Lair:3   | Received a gift from Okawaru
 13296 | Lair:3   | 13296 ||| INVOKING Heroism.
 13297 | Lair:3   | 13297 ||| SWAPPING to +0 flail.
 13298 | Lair:3   | 13298 ||| INVOKING Finesse.
 13306 | Lair:3   | 13306 ||| SWAPPING to +2 war axe of freezing.
 13540 | Lair:3   | 13540 ||| READING scroll of brand weapon.
 13540 | Lair:3   | 13540 ||| BRANDING +2 war axe of freezing.
 13656 | Lair:3   | 13656 ||| Stepping ~*~*~tactically~*~*~ (stealth).
 13676 | Lair:3   | 13676 ||| INVOKING Heroism.
 13789 | Lair:3   | Noticed an ice dragon
 13790 | Lair:3   | 13790 ||| Stepping ~*~*~tactically~*~*~ (hiding).
 13792 | Lair:3   | 13792 ||| INVOKING Heroism.
 13805 | Lair:3   | Killed an ice dragon
 14121 | Lair:3   | 14121 ||| DROPPING +2 chain mail of cold resistance.
 14122 | Lair:3   | 14122 ||| READING 8 scrolls of identify.
 14122 | Lair:3   | 14122 ||| IDENTIFYING fuming silvery potion
 14123 | Lair:3   | 14123 ||| DROPPING potion of invisibility.
 14143 | Lair:4   | 14143 ||| STAIRDANCE
 14276 | Lair:4   | 14276 ||| READING scroll of brand weapon.
 14276 | Lair:4   | 14276 ||| BRANDING +2 war axe of protection.
 14344 | Lair:4   | 14344 ||| Stepping ~*~*~tactically~*~*~ (stealth).
 14346 | Lair:4   | 14346 ||| INVOKING Heroism.
 14438 | Lair:4   | 14438 ||| Stepping ~*~*~tactically~*~*~ (stealth).
 14443 | Lair:4   | 14443 ||| Stepping ~*~*~tactically~*~*~ (stealth).
 14446 | Lair:4   | 14446 ||| Stepping ~*~*~tactically~*~*~ (stealth).
 14448 | Lair:4   | 14448 ||| Stepping ~*~*~tactically~*~*~ (stealth).
 14450 | Lair:4   | 14450 ||| Stepping ~*~*~tactically~*~*~ (stealth).
 14453 | Lair:4   | 14453 ||| Stepping ~*~*~tactically~*~*~ (stealth).
 14464 | Lair:4   | Found a radiant altar of Vehumet.
 14512 | Lair:4   | Reached skill level 14 in Axes
 14545 | Lair:4   | 14545 ||| Stepping ~*~*~tactically~*~*~ (stealth).
 14546 | Lair:4   | 14546 ||| INVOKING Heroism.
 14651 | Lair:4   | 14651 ||| INVOKING Heroism.
 14738 | Lair:4   | Found a viscous altar of Jiyva.
 14740 | Lair:4   | 14740 ||| INVOKING Heroism.
 14741 | Lair:4   | 14741 ||| INVOKING Finesse.
 14742 | Lair:4   | Found a staircase to the Slime Pits.
 14744 | Lair:4   | 14744 ||| FLEEEEING.
 14745 | Lair:4   | 14745 ||| FLEEEEING.
 14746 | Lair:4   | 14746 ||| FLEEEEING.
 14748 | Lair:4   | 14748 ||| Stepping ~*~*~tactically~*~*~ (stealth).
 14759 | Lair:4   | HP: 18/83 [blink frog (7)]
 14766 | Lair:4   | Identified the +2 pair of gloves of Inviolability {Str+4
                  | Dex+6} (Okawaru gifted it to you on level 4 of the Lair of
                  | Beasts)
 14766 | Lair:4   | Received a gift from Okawaru
 15010 | Lair:4   | 15010 ||| Stepping ~*~*~tactically~*~*~ (stealth).
 15027 | Lair:4   | 15027 ||| INVOKING Heroism.
 15028 | Lair:4   | 15028 ||| INVOKING Finesse.
 15155 | Lair:4   | 15155 ||| Stepping ~*~*~tactically~*~*~ (stealth).
 15162 | Lair:4   | 15162 ||| INVOKING Heroism.
 15224 | Lair:4   | 15224 ||| INVOKING Heroism.
 15516 | Lair:4   | 15516 ||| INVOKING Heroism.
 15517 | Lair:4   | 15517 ||| INVOKING Finesse.
 15536 | Lair:4   | HP: 10/84 [oklob plant/splash of acid (17)]
 15539 | Lair:4   | Killed from afar by an oklob plant

Levels and vault maps discovered:
D:1:      nagdon_arrival_zigzag_paths, layout_basic,
          shapermc_ecumenical_altar_gd, minmay_pentomino_t4
D:2:      layout_basic
D:3:      layout_basic, minmay_cut_off
D:4:      layout_rooms, kennysheep_vampire_church
D:5:      layout_basic
D:6:      layout_basic, nicolae_dithmenos_through_a_glass_darkly, serial_shops,
          nicolae_shop_stone, uniq_prince_ribbit1
D:7:      layout_basic, minmay_temple_entry_glassed_door, minmay_manual_monolith
D:8:      corexii_shack_village, layout_loops_ring, mainiacjoe_overflow_catwalk,
          gammafunk_temple_overflow_wave, nicolae_ossuary_entry_ruins,
          kennysheep_generic_room_4
D:9:      layout_roguey, lair_entry_dummy
Lair:1:   gammafunk_boulding_lane, layout_gridlike, st_stairs_13, uniq_nergalle,
          uniq_gastronok
Lair:2:   layout_chaotic_city, shoals_dummy_entry,
          nicolae_spider_entry_tight_spaces, grunt_megastairs_2
Lair:3:   cheibrodos_lair_river_kwai, layout_regular_city,
          portal_ice_cave_entry_animals_and_master, beast_lair_carwin_11,
          uniq_urug
Lair:4:   layout_small_grid, minmay_slime_entry_oklob_enclosed, basic_altar,
          grunt_megastairs_3, serial_bayou_shore_b, serial_bayou_shore_b

Skill      XL: |  1  2  3  4  5  6  7  8  9 10 11 12 13 |
---------------+----------------------------------------+-----
Axes           | 2 3 4 5 6 7 8 10 11 12 13 14 | 14.0
Fighting       | 4 5 6 7 9 10 11 | 11.0
Armour         | 4 5 6 7 8 9 10 | 10.0
Dodging        | 1 2 |  2.1
Shields        | 4 5 7 |  7.1
Throwing       | 1 2 5 |  5.1
Invocations    | 3 5 10 | 10.1

Action                   |  1- 3 |  4- 6 |  7- 9 | 10-12 | 13-15 || total
-------------------------+-------+-------+-------+-------+-------++-------
Melee: War axe           |   105 |    90 |   292 |   553 |   201 ||  1241
       Flail             |       |       |       |       |     7 ||     7
Throw: Boomerang         |       |       |     2 |   105 |       ||   107
       Javelin           |       |       |       |       |    39 ||    39
Invok: Heroism           |       |       |       |    23 |    14 ||    37
       Finesse           |       |       |       |     3 |     4 ||     7
  Use: Scroll            |     5 |       |     9 |     9 |     3 ||    26
       Potion            |     1 |       |     3 |       |       ||     4
 Stab: Confused          |       |       |       |       |     1 ||     1
Armor: Scale mail        |    45 |       |       |       |       ||    45
       Plate armour      |     4 |   107 |   227 |   279 |   128 ||   745
Dodge: Dodged            |    37 |    36 |    65 |   135 |    59 ||   332
Block: Buckler           |    16 |    30 |    54 |    96 |    44 ||   240

Table legend:
 A = Non-vault XP
 B = Vault XP
 C = Vault XP percentage of total XP
 D = Non-vault monster count
 E = Vault monster count
 F = Vault count percentage of total count
                 A         B        C        D         E       F
            +---------+---------+-------+---------+---------+-------
      Total |   33592 |   16315 |  32.7 |     264 |      92 |  25.8
            +---------+---------+-------+---------+---------+-------
        D:1 |      44 |       4 |   8.3 |      25 |       4 |  13.8
        D:2 |      29 |       0 |   0.0 |      13 |       0 |   0.0
        D:3 |      91 |       8 |   8.1 |      14 |       4 |  22.2
        D:4 |     345 |     121 |  26.0 |      19 |       8 |  29.6
        D:5 |    1145 |       0 |   0.0 |      20 |       0 |   0.0
        D:6 |    1070 |     259 |  19.5 |      13 |       1 |   7.1
        D:7 |     769 |     474 |  38.1 |      21 |       5 |  19.2
        D:8 |     966 |     226 |  19.0 |      18 |      12 |  40.0
        D:9 |    1130 |       0 |   0.0 |      22 |       0 |   0.0
     Lair:1 |    6004 |    2235 |  27.1 |      26 |       2 |   7.1
     Lair:2 |    8664 |    3511 |  28.8 |      24 |      17 |  41.5
     Lair:3 |    4835 |    7150 |  59.7 |      18 |      21 |  53.8
     Lair:4 |    8500 |    1553 |  15.4 |      31 |       3 |   8.8
    Ossuary |       0 |     774 | 100.0 |       0 |      15 | 100.0
            +---------+---------+-------+---------+---------+-------
